 Seeded DCSS version 0.31-a0-521-gc7390f8997 (webtiles) character file.

Game seed: 20230811 (custom seed)

79 muata the Vexing (level 4, 0/30 HPs)
             Began as a Vampire Enchanter on Aug 11, 2023.
             Slain by an iguana (10 damage)
             ... on level 4 of the Dungeon.
             The game lasted 00:09:08 (2003 turns).

muata the Vexing (Vampire Enchanter)                Turns: 2003, Time: 00:09:09

Health: 0/30       AC:  3    Str:  7    XL:     4   Next: 16%
Magic:  7/7        EV: 12    Int: 17    God:
Gold:   191        SH:  0    Dex: 16    Spells: 1/7 levels left

rFire   . . .        a - +1 dagger
rCold   . . .        (no shield)
rNeg    . . .        b - +0 robe
rPois   .            g - +0 helmet
rElec   .            (no cloak)
rCorr   .            (no gloves)
SInv    +            (no boots)
Will    .....        e - amulet of regeneration
Stlth   +++          (no ring)
HPRegen 1.25/turn    (no ring)
MPRegen 0.10/turn

%: no passive effects
@: healing quickly
A: alive, fangs 3, see invisible, vampiric 2
a: Exsanguinate


You were on level 4 of the Dungeon.
You visited 1 branch of the dungeon, and saw 4 of its levels.

You collected 191 gold pieces.

Inventory:

Hand Weapons
 a - a +1 dagger (weapon)
Armour
 b - a +0 robe (worn)
 g - a +0 helmet (worn)
Jewellery
 e - an amulet of regeneration (around neck)
 o - an amulet of faith
Scrolls
 d - a scroll of amnesia {unknown}
 f - 2 scrolls of teleportation {unknown}
 i - 3 scrolls of identify {unknown}
 j - a scroll of vulnerability {unknown}
 l - a scroll of torment {unknown}
 m - a scroll of revelation {unknown}
 n - 2 scrolls of immolation {unknown}
 p - a scroll of enchant weapon {unknown}
Potions
 c - 2 potions of invisibility
 h - a potion of haste {unknown}
 k - a potion of curing {unknown}
 q - a potion of heal wounds {unknown}


   Skills:
 + Level 4.0 Short Blades
 - Level 2.1 Dodging
 - Level 4.4 Stealth
 - Level 2.0 Spellcasting
 - Level 5.1 Hexes


You had one spell level left.
You knew the following spells:

 Your Spells              Type           Power      Damage    Failure   Level
a - Confusing Touch       Hex            19%        N/A       7%          3
b - Tukima's Dance        Hex            19%        N/A       7%          3

Your spell library contained the following spells:

 Spells                   Type           Power      Damage    Failure   Level
 Ensorcelled Hibernation  Hex/Ice        20%        N/A       11%         2
 Dazzling Flash           Conj/Hex       20%        N/A       21%         3


Dungeon Overview and Level Annotations

Branches:
Dungeon (4/15)
 Temple: D:4-7

Altars:


Innate Abilities, Weirdness & Mutations

Your natural rate of healing is accelerated.
You have razor-sharp teeth.
You have supernaturally acute eyesight. (SInv)
You are afflicted with vampirism and can become a bat while bloodless.


Message History

You now have 166 gold pieces (gained 6).
You now have 175 gold pieces (gained 9).
A rat comes into view.
You hit the rat. You bite the rat.
You kill the rat!
There is an open door here.
You now have 191 gold pieces (gained 16).
You see here a ring of see invisible.
There is an open door here.
There is an open door here.
You open the door.
There is an open door here.
There is an open door here.
Done exploring.
Done exploring.
There is a stone staircase leading down here.
You climb downwards.
There is a stone staircase leading up here.
Found a stone staircase leading up.
Found a chain mail.
You see here a +0 chain mail.
q - a pink potion You open the door.
An iguana and a ball python come into view.
The iguana hisses angrily.
Found a scroll labelled ZOLOQ BOZEICA, a leather armour and a beast talisman.
Press: ? - help, v - describe, . - travel, g - get item Item here: a beast talisman.
The floor.
There is an open door here.
You hit the ball python.
You kill the ball python!
The iguana bites you!
You see here a ball python corpse.
The iguana barely misses you.
You hit the iguana but do no damage. The iguana barely misses you.
You hit the iguana but do no damage. The iguana bites you!
* * * LOW HITPOINT WARNING * * *
You hit the iguana but do no damage. The iguana bites you!
You die...

#.........##############
#.######................
#.# #..######.#######
#.######..# ##...##
#.........# #.....#
#.........# ##...##
#.###.##### ##.##
#[###.# #.# #.##..# #@#
#.##..# #l# #.##.<#
#...# #.##..## #[..?.#
#......## #.......#
####....####.........#
#.......+%........+
#....####.........#
#.#.## ##.......##


You could see an iguana.

Vanquished Creatures
  An adder (D:3)
  A dart slug (D:2)
  An orc (D:3)
  6 bats
  3 endoplasms
  4 giant cockroaches
  5 goblins
  2 hobgoblins (D:1)
  8 jackals
  8 kobolds
  5 quokkas
  6 ball pythons
  3 frilled lizards
  8 rats
61 creatures vanquished.

Notes
Turn   | Place    | Note
-------+----------+-------------------------------------------
     0 | D:1      | muata the Vampire Enchanter began the quest for the Orb.
     0 | D:1      | Reached XP level 1. HP: 13/13 MP: 3/3
   232 | D:1      | Reached XP level 2. HP: 19/19 MP: 5/5
   720 | D:1      | Gained mutation: You are afflicted with vampirism and can
                  | become a bat while bloodless. [Vampire growth]
   720 | D:1      | Reached XP level 3. HP: 24/24 MP: 6/6
  1056 | D:2      | Learned a level 3 spell: Confusing Touch
  1060 | D:2      | Learned a level 3 spell: Tukima's Dance
  1140 | D:2      | Reached skill level 5 in Hexes
  1521 | D:3      | Reached XP level 4. HP: 26/30 MP: 7/7
  2003 | D:4      | Slain by an iguana

Illustrated notes

Levels and vault maps discovered:
D:1:      dpeg_arrival_arbitrary_b, layout_loops_ring, chequers_jeans,
          minmay_unequal
D:2:      layout_rooms
D:3:      layout_basic
D:4:      layout_loops_corners, nicolae_overflow_hidden_temple

Skill      XL: |  1  2  3 |
---------------+----------+-----
Short Blades   | 2 3 4 |  4.0
Hexes          | 5 |  5.1
Dodging        | |  2.1
Stealth        | |  4.4
Spellcasting   | |  2.0

Action                     |  1- 3 |  4- 6 || total
---------------------------+-------+-------++-------
  Melee: Dagger            |   175 |    17 ||   192
         Bite              |    12 |     1 ||    13
         Punch             |     2 |     1 ||     3
   Stab: Sleeping          |    15 |       ||    15
 Armour: Robe              |    46 |     2 ||    48
  Dodge: Dodged            |   104 |    11 ||   115

Table legend: (Time is in decaauts)
 A = Elapsed time spent in this place.
 B = Non-inter-level travel time spent in this place.
 C = Inter-level travel time spent in this place.
 D = Time resting spent in this place.
 E = Time spent auto-exploring this place.
 F = Levels seen in this place.
 G = Mean time per level.
                   A        B        C        D        E       F      G
               +--------+--------+--------+--------+--------+-----+--------+
         Total |   1972 |   1916 |     56 |      4 |   1305 |   4 |  493.0 |
       Dungeon |   1972 |   1916 |     56 |      4 |   1305 |   4 |  493.0 |
               +--------+--------+--------+--------+--------+-----+--------+

Top non-repeatable levels by time:
     D:1: 814 daAuts
     D:3: 586 daAuts
     D:2: 487 daAuts
     D:4: 84 daAuts
